cohdb
Replays
Latest Replays
All Replays
Popular Replays
Top Player Replays
Match Explorer
How It Works
Community
CoH3 Stats
Reddit
Sign in to upload your games and track your stats! →
Sign in with Steam
Match 40314218
Unlisted
Match 40314218
Overview
Messages
Build Orders
End
Selects Armored Battlegroup
Selects Assault Engineers
Assault Engineer Squad
Assault Engineer Squad
Construct Weapon Support Center
Assault Engineer Squad
Mortar Pit
Bazooka Squad
Mechanized Support Center
Assault Engineer Squad
M3 Armored Personnel Carrier
Selects Strength in Steel
.30 cal Machine Gun
Bazooka Squad
Selects Strength in Steel
Mortar Pit
Rapid Repairs
Improved M9 Bazooka Rockets
Bazooka Squad
.30 cal Machine Gun
M4A1 76mm Conversion
.30 cal Machine Gun
Assault Engineer Squad
Construct Tank Depot
Bazooka Squad
Selects M8 Scott SPG
M8 Scott SPG
Bazooka Squad
天下万般兵刃,唯有过往伤人最深。
Mr.Larry.Mx
iPlayThisNaked
ETO420
I.S.M.A.I.L
Dr Jello
ALEJO5500
NotQuiteAKing
0
0
Comments
sign in to comment!
No comments posted yet!